 Dungeon Crawl Stone Soup version 0.16-b1 (webtiles) character file.

4 Gorice the Skirmisher (level 1, -1/18 HPs)
             Began as a Demonspawn Wanderer on Mar 14, 2015.
             Slain by a hobgoblin
             ... wielding a +0 club
              (7 damage)
             ... on level 1 of the Dungeon.
             The game lasted 00:02:14 (201 turns).

Gorice the Skirmisher (Demonspawn Wanderer)          Turns: 201, Time: 00:02:15

Health: -1/18      AC:  2    Str: 11    XL:     1   Next: 58%
Magic:  1/1        EV: 12    Int: 14    God:
Gold:   0          SH:  0    Dex: 12    Spells: 0 memorised, 0 levels left

rFire  . . .     SeeInvis .     a - +0 quarterstaff
rCold  . . .     Clarity  .     e - +0 robe
rNeg   . . .     SustAb   .     (no shield)
rPois  .         Gourm    .     (no helmet)
rElec  .         Spirit   .     (no cloak)
rCorr  .         Warding  .     (no gloves)
rMut   .         Stasis   .     (no boots)
MR     .....                    (no amulet)
Stlth  ++........               (no ring)
                                (no ring)

@: not resistant to hostile enchantments, unstealthy
A: no striking features
a: no special abilities


You were on level 1 of the Dungeon.
You were not hungry.

You visited 1 branch of the dungeon, and saw 1 of its levels.

Inventory:

Hand weapons
 a - a +0 quarterstaff (weapon)
 c - a +2 dagger
 i - a +0 antimagic dagger
   (You took it off a kobold on level 1 of the Dungeon)
Armour
 e - a +0 robe (worn)
Jewellery
 g - an uncursed ring of fire
Scrolls
 j - a scroll of amnesia {unknown}
Potions
 b - a potion of berserk rage
 d - a potion of lignification {!q}
Comestibles
 f - a bread ration {!e}
 h - 3 chunks of flesh


   Skills:
 - Level 3.0 Fighting
 * Level 2.2 Staves
 - Level 1.7 Dodging
 - Level 2.6 Stealth


You couldn't memorise any spells.
You didn't know any spells.

Dungeon Overview and Level Annotations

Branches:
Dungeon (1/15)

Altars:


Message History

You see here a rat corpse.
You butcher the rat corpse.
h - a chunk of flesh As you open the door, it creaks loudly!
There is an open door here.
A rat and a kobold come into view.
The kobold shouts!
A giant newt comes into view.
You sock the kobold!
You kill the kobold!
The rat bites you but does no damage.
You see here an antimagic dagger.
You hit the rat.
You kill the rat!
You see here a rat corpse.
You see here an antimagic dagger.
i - an antimagic dagger You see here a rat corpse.
You butcher the rat corpse.
h - 2 chunks of flesh (gained 1)
Found a scroll labeled TWUNILI TIENI.
You miss the giant newt.
The giant newt bites you but does no damage.
You closely miss the giant newt. The giant newt closely misses you.
You miss the giant newt. The giant newt bites you.
The giant newt closely misses you.
You take 2 damage.
You hit the giant newt but do no damage.
The giant newt barely misses you.
You miss the giant newt.
The giant newt bites you but does no damage.
You thump the giant newt!
You kill the giant newt!
You see here a giant newt corpse.
You butcher the giant newt corpse.
h - 3 chunks of flesh (gained 1)
j - a scroll labeled TWUNILI TIENI A hobgoblin comes into view.
It is wielding a club.
A hobgoblin comes into view. It is wielding a club.
The hobgoblin barely misses you.
You closely miss the hobgoblin. The hobgoblin hits you with a club.
You take 4 damage.
You barely miss the hobgoblin. The hobgoblin hits you with a club.
You take 4 damage.
You barely miss the hobgoblin. The hobgoblin hits you with a club.
You take 3 damage.
You hit the hobgoblin.
The hobgoblin is moderately wounded.
The hobgoblin hits you with a club!
You die...

#...........# ...
#...........######.###
.................#...#
#..................#.#
.............###.#.# #
.#...........# #.#g#
.#...........# #.#.#
.######+##+#.# #g#.#
.# ..# #@#.# .# ###
#.#.# .# ..#.# ##
####.


You could see a hobgoblin.

Vanquished Creatures
  A kobold (D:1)
  2 giant newts (D:1)
  3 rats (D:1)
6 creatures vanquished.

Notes
Turn   | Place    | Note
--------------------------------------------------------------
     0 | D:1      | Gorice, the Demonspawn Wanderer, began the quest for the Orb.
     0 | D:1      | Gorice set off with: a +2 dagger, a potion of berserk rage, a +0 quarterstaff, a potion of lignification {!q}, a +0 robe, a bread ration {!e}
     0 | D:1      | Reached XP level 1. HP: 18/18 MP: 1/1
   113 | D:1      | Reached skill level 2 in Staves
   201 | D:1      | Slain by a hobgoblin

Action                   || total
-------------------------++-------
Melee: Quarterstaff      ||    16
 Stab: Sleeping          ||     2

Table legend:
 A = Turns spent in this place as a percentage of turns spent in the entire game.
 B = Non-inter-level travel turns spent in this place as a percentage of non-inter-level travel turns spent in the entire game.
 C = Inter-level travel turns spent in this place as a percentage of turns spent in this place.
 D = Turns resting spent in this place as a percentage of non-inter-level travel turns spent in this place.
 E = Turns spent auto-exploring this place as a percentage of non-inter-level travel turns spent in this place.
 F = Non-inter-level travel turns spent in this place divided by the number of levels of this place that you've seen.
                   A       B       C       D       E      F
               +-------+-------+-------+-------+-------+----------------------
         Total | 100.0 | 100.0 |   0.0 |   0.0 |   1.2 | 167.0
       Dungeon | 100.0 | 100.0 |   0.0 |   0.0 |   1.2 | 167.0
               +-------+-------+-------+-------+-------+----------------------

Vault maps used:
D:1:      lightli_arrival_noodles
